 Dungeon Crawl Stone Soup version 0.29.1-15-g9cfb28693d (webtiles) character file.

Game seed: 13163296581862595742

35 H0rd4k the Charlatan (level 3, 0/24 HPs)
             Began as an Octopode Artificer on Apr 12, 2023.
             Slain by an endoplasm (1 damage)
             ... on level 2 of the Dungeon.
             The game lasted 00:01:06 (1719 turns).

H0rd4k the Charlatan (Octopode Artificer)           Turns: 1719, Time: 00:01:07

Health: 0/24       AC:  1    Str: 11    XL:     3   Next: 33%
Magic:  14/14      EV: 10    Int: 15    God:
Gold:   63         SH:  0    Dex: 12    Spells: 5/5 levels left

rFire   . . .      SeeInvis .   (no weapon)
rCold   . . .      Faith    .   (no shield)
rNeg    . . .      Spirit   .   (helmet restricted)
rPois   .          Reflect  .   (no amulet)
rElec   .          Harm     .   a - ring of magical power
rCorr   .          Rampage  .   (no ring)
Will    .....                   (no ring)
Stlth   +++.......              (no ring)
HPRegen 0.08/turn               (no ring)
MPRegen 0.14/turn               (no ring)
                                (no ring)
                                (no ring)

@: constricted
A: almost no armour, amphibious, 8 rings, camouflage 1, gelatinous body 1,
(nimble swimmer 1), tentacles
a: no special abilities


You were on level 2 of the Dungeon.
You visited 1 branch of the dungeon, and saw 3 of its levels.

You collected 63 gold pieces.

Inventory:

Missiles
 h - 2 poisoned darts
Jewellery
 a - a ring of magical power (left tentacle)
Wands
 b - a wand of flame (15) (quivered)
 c - a wand of charming (13)
 d - a wand of iceblast (5)
Scrolls
 e - 3 scrolls of identify {unknown}
 j - a scroll of amnesia {unknown}
 k - a scroll of immolation {unknown}
Potions
 f - a potion of heal wounds {unknown}
 g - a potion of degeneration {unknown}
 i - a potion of curing {unknown}
 l - a potion of haste {unknown}


   Skills:
 * Level 2.1 Fighting
 - Level 2.3 Dodging
 - Level 1.3 Stealth
 + Level 0.8 Unarmed Combat
 * Level 1.5 Spellcasting
 - Level 3.2 Evocations


You had 5 spell levels left.
You didn't know any spells.
Your spell library was empty.

Dungeon Overview and Level Annotations

Branches:
Dungeon (3/15)

Altars:
Kikubaaqudgha
Zin


Innate Abilities, Weirdness & Mutations

You cannot wear most types of armour.
You are amphibious.
You can wear up to eight rings at the same time.
Your skin changes colour to match your surroundings (Stealth+).
Your rubbery body absorbs attacks. (AC +1, EV +1)
((You are camouflaged when in or above water. (Stealth+)))
You have tentacles for arms and can constrict up to eight enemies at once.


Message History

Found an escape hatch in the ceiling.
There are monsters nearby!
There are monsters nearby!
Unknown command.
Found 7 gold pieces.
The helpless endoplasm fails to defend itself.
You tentacle-slap the endoplasm.
The endoplasm is lightly wounded.
The endoplasm hits you.
You tentacle-slap the endoplasm but do no damage.
The endoplasm is lightly wounded.
The endoplasm freezes you.
You are frozen.
You tentacle-slap the endoplasm.
The endoplasm is moderately wounded.
The endoplasm hits you.
You tentacle-slap the endoplasm.
The endoplasm is moderately wounded.
The endoplasm freezes you.
You are frozen.
The ball python bites you. The ball python barely misses you.
You are too injured to fight recklessly!
You are too injured to fight recklessly!
You barely miss the endoplasm.
The endoplasm is moderately wounded.
The ball python bites you. The ball python closely misses you.
The endoplasm hits you.
* * * LOW HITPOINT WARNING * * *
You tentacle-slap the endoplasm but do no damage.
The endoplasm is moderately wounded.
The ball python bites you but does no damage.
The ball python grabs you. The ball python constricts you.
* * * LOW HITPOINT WARNING * * *
The endoplasm freezes you.
You are frozen.
* * * LOW HITPOINT WARNING * * *
The ball python closely misses you. The ball python constricts you.
You tentacle-slap the endoplasm.
The endoplasm is severely wounded.
The endoplasm hits you.
You die...

... .. . ..# .#.
#..# ##### #
#########.. ...<#.
....####
#.#..#.#.#.# .....
........
.........###.#.##.
.####.##
#.##.#.#.(....|.....
.####.#
#....J@S.........#
.##...#
#.......##.#.#####
)#....#
#.##.##.##.....#
.#....# #.
#.####.#.# .....># .
#.$ ...#.# ###.###
#. #.######.#
###.##### . #.#
####.#### #.......#
.. ..# #.......#
#.....#.# #.##.##.#


You could see an endoplasm and a ball python.

Vanquished Creatures
  An adder (D:3)
  2 dart slugs (D:1)
  4 ball pythons
  An endoplasm (D:1)
  A goblin (D:2)
  2 quokkas (D:1)
  2 bats
  A frilled lizard (D:2)
  6 kobolds
  4 rats
24 creatures vanquished.

Vanquished Creatures (others)
  A jackal (D:3)
1 creature vanquished.

Grand Total: 25 creatures vanquished

Notes
Turn   | Place    | Note
-------+----------+-------------------------------------------
     0 | D:1      | H0rd4k the Octopode Artificer began the quest for the Orb.
     0 | D:1      | Reached XP level 1. HP: 13/13 MP: 1/1
   317 | D:1      | Reached XP level 2. HP: 2/18 MP: 1/3
   708 | D:1      | Reached skill level 1 in Spellcasting
  1033 | D:1      | Found a faded altar of an unknown god.
  1363 | D:3      | Found an ancient bone altar of Kikubaaqudgha.
  1376 | D:3      | Found a glowing silver altar of Zin.
  1405 | D:3      | Reached XP level 3. HP: 8/24 MP: 4/4
  1718 | D:2      | HP: 1/24 [frozen (5)]
  1719 | D:2      | Slain by an endoplasm

Illustrated notes

Levels and vault maps discovered:
D:1:      nzn_arrival_depleted_hourglass, layout_rooms,
          hellmonk_ecumenical_altar_run_dry
D:2:      minmay_recursive_quarters, layout_loops_cross, serial_shops, shop
D:3:      minmay_evil_eye, layout_basic, overflow_temple_1_default,
          zin_statuary, uniq_natasha, uniq_grinder

Skill      XL: |  1  2 |
---------------+-------+-----
Spellcasting   | 1 |  1.5
Fighting       | 2 |  2.1
Dodging        | |  2.3
Stealth        | |  1.3
Unarmed Combat | |  0.8
Evocations     | |  3.2

Action                   || total
-------------------------++-------
Melee: Unarmed           ||    74
       Constrict         ||    19
       Tentacles         ||    14
       Punch             ||     1
Evoke: Wand              ||     2
 Stab: Sleeping          ||     7
Armor: Skin              ||     7
Dodge: Dodged            ||    49
